 Dungeon Crawl Stone Soup version 0.22-a0-570-g58866f5 (webtiles) character file.

44 kae the Firebug (level 3, -1/19 HPs)
             Began as a Tengu Fire Elementalist on June 30, 2018.
             Slain by a gnoll
             ... wielding a +0 flail
              (13 damage)
             ... on level 2 of the Dungeon.
             The game lasted 00:01:13 (1172 turns).

kae the Firebug (Tengu Fire Elementalist)           Turns: 1172, Time: 00:01:13

Health: -1/19      AC:  3    Str:  8    XL:     3   Next: 60%
Magic:  7/7        EV: 12    Int: 16    God:
Gold:   88         SH:  0    Dex: 14    Spells: 3/6 levels left

rFire    . . .     SeeInvis .   f - +0 mace
rCold    . . .     Gourm    .   (no shield)
rNeg     . . .     Faith    .   a - +1 robe
rPois    .         Spirit   .   (helmet restricted)
rElec    .         Reflect  .   (no cloak)
rCorr    .         Harm     .   (no gloves)
MR       .....                  (boots unavailable)
Stlth    ++........             (no amulet)
HPRegen  0.06/turn              (no ring)
MPRegen  0.10/turn              (no ring)

@: hasted, very quick
A: beak, talons 3
a: no special abilities


You were on level 2 of the Dungeon.
You were hungry.

You visited 1 branch of the dungeon, and saw 2 of its levels.

You collected 88 gold pieces.

Inventory:

Hand Weapons
 f - a +0 mace (weapon)
Armour
 a - a +1 robe (worn)
Jewellery
 e - an uncursed ring of poison resistance {unknown}
Potions
 b - a potion of haste
 d - a potion of mutation {unknown}
 g - 2 potions of flight {unknown}
Comestibles
 c - 7 rations


   Skills:
 - Level 2.1 Dodging
 - Level 2.0 Stealth
 + Level 2.4 Spellcasting
 + Level 2.4 Conjurations
 * Level 4.2 Fire Magic


You had 3 spell levels left.
You knew the following spells:

 Your Spells              Type           Power        Failure   Level  Hunger
a - Flame Tongue          Conj/Fire      ##...        4%          1    #......
b - Throw Flame           Conj/Fire      ##....       8%          2    ###....

Your spell library contained the following spells:

 Spells                   Type           Power        Failure   Level  Hunger
 Fireball                 Conj/Fire      ##........   80%         5    ######.
 Conjure Flame            Conj/Fire      ##......     16%         3    ###....
 Sticky Flame             Conj/Fire      ##......     45%         4    #####..
 Inner Flame              Hex/Fire       #.......     26%         3    ###....


Dungeon Overview and Level Annotations

Branches:
Dungeon (2/15)

Altars:
Kikubaaqudgha
Yredelemnul

Annotations:
D:2 1 transporter, Menkaure


Innate Abilities, Weirdness & Mutations

You have a beak for a mouth.
You have claws for feet.


Message History

You open the door. 3 gnolls come into view.
There are monsters nearby!
There are monsters nearby!
Casting: Flame Tongue (safe; 4% risk of failure)
Confirm with . or Enter, or press ? or * to list all spells.
You don't know that spell.
As you close the door, it creaks loudly!
You are feeling hungry.
You hear a shout! x3
A gnoll opens the door.
The gnoll closely misses you.
The gnoll shouts!
As you read the scroll labeled OTATAI LINANERUL, it crumbles to dust.
You feel blessed for a moment.
It was a scroll of remove curse.
The gnoll hits you from afar with a spear!
Okay, then.
It was a potion of haste.
You feel yourself speed up. The gnoll hits you with a flail!
Ouch! That really hurt!
You die...

#.'......##
###.......##
####.....##
###....#
###...##
b$##....#
#.WO ##...#
#$l #...#
### #g@.#
##g## g..
#####


You could see 3 gnolls.

Vanquished Creatures
  An adder (D:2)
  A worm (D:2)
  A dart slug (D:1)
  A leopard gecko (D:1)
  6 bats (D:1)
  A giant cockroach (D:2)
  2 goblins (D:1)
  4 hobgoblins
  2 kobolds (D:1)
  A ball python (D:2)
  7 frilled lizards
  4 rats
31 creatures vanquished.

Notes
Turn   | Place    | Note
-------+----------+-------------------------------------------
     0 | D:1      | kae the Tengu Fire Elementalist began the quest for the Orb.
     0 | D:1      | Reached XP level 1. HP: 10/10 MP: 4/4
   140 | D:1      | Reached XP level 2. HP: 12/15 MP: 3/6
   192 | D:1      | Learned a level 2 spell: Throw Flame
   655 | D:1      | Reached skill level 4 in Fire Magic
   655 | D:1      | Reached XP level 3. HP: 19/19 MP: 2/7
  1045 | D:2      | Found an ancient bone altar of Kikubaaqudgha.
  1047 | D:2      | Found the +2 robe of Vines {NoPotionHeal Regen+7}
  1047 | D:2      | Noticed Menkaure
  1050 | D:2      | Found a basalt altar of Yredelemnul.
  1053 | D:2      | Found a transporter.
  1163 | D:2      | Noticed a phantom
  1163 | D:2      | Noticed a two-headed ogre
  1172 | D:2      | Slain by a gnoll

Vault maps used:
D:1:      kilobyte_arrival_exit_the_forest, minmay_stone_trees_medium,
          minmay_misc_feat_iff
D:2:      wad_pebble_path, lemuel_doored_altar, marbit_many_paths,
          gammafunk_temple_of_torment, lightli_corner_chamber

Skill      XL: |  1  2 |
---------------+-------+-----
Conjurations   | 2 |  2.4
Fire Magic     | 4 |  4.2
Dodging        | |  2.1
Stealth        | |  2.0
Spellcasting   | |  2.4

Action                   || total
-------------------------++-------
Melee: Mace              ||     2
 Cast: Flame Tongue      ||    46
       Throw Flame       ||     2
  Use: Scroll            ||     4
       Potion            ||     1
  Eat: Chunk             ||     1
Dodge: Dodged            ||     7

Table legend:
 A = Spawn XP
 B = Non-spawn XP
 C = Spawn XP percentage of total XP
 D = Spawn monster count
 E = Non-spawn monster count
 F = Spawn count percentage of total count
 G = Total turns spent on level
                    A         B        C        D         E        F      G
               +---------+---------+-------+---------+---------+-------+---------
         Total |       0 |      63 |   0.0 |       0 |      31 |   0.0 |  1172
               +---------+---------+-------+---------+---------+-------+---------
           D:1 |       0 |      38 |   0.0 |       0 |      24 |   0.0 |   933
           D:2 |       0 |      25 |   0.0 |       0 |       7 |   0.0 |   239
               +---------+---------+-------+---------+---------+-------+---------
